TOP OF THE 1ST |
Southern Maryland Blue Crabs batting - Pitching for Niagara Falls Phantoms : LHP Gordon Jing
|
Pitching: LHP Gordon Jing
|
|
Batting: RHB C.J. Wells
|
0-0: Called Strike 0-1: Called Strike 0-2: Strikes out swinging
|
Batting: LHB Jeremy Nuzzo
|
0-0: Ball 1-0: Ball 2-0: Swinging Strike 2-1: Called Strike 2-2: Foul Ball, location: 2F 2-2: Fly out, F7 (Flyball, 7, EV 84.4 MPH)
|
Batting: SHB Eric Kelley
|
0-0: Called Strike 0-1: Ball 1-1: Foul Ball, location: 2F 1-2: Foul Ball, location: 2F 1-2: Fly out, F8 (Line Drive, 89M, EV 106.9 MPH)
|
Top of the 1st over - 0 runs, 0 hits, 0 errors, 0 left on base; Southern Maryland 0 - Niagara Falls 0 |
BOTTOM OF THE 1ST |
Niagara Falls Phantoms batting - Pitching for Southern Maryland Blue Crabs : RHP Yuji Higashi
|
Pitching: RHP Yuji Higashi
|
|
Batting: LHB Luis Ponce
|
0-0: Ball 1-0: Ball 2-0: Fly out, F7 (Flyball, 78S, EV 90.6 MPH)
|
Batting: LHB Danny de Leon
|
0-0: Ball 1-0: Foul Ball, location: 2F 1-1: Swinging Strike 1-2: Foul Ball, location: 2F 1-2: Ground out 4-3 (Groundball, 4, EV 82.5 MPH)
|
Batting: RHB Paul Ngumi
|
0-0: Foul Ball, location: 2F 0-1: Ball 1-1: Swinging Strike 1-2: Ground out U3 (Groundball, 3S, EV 91.2 MPH)
|
Bottom of the 1st over - 0 runs, 0 hits, 0 errors, 0 left on base; Southern Maryland 0 - Niagara Falls 0 |
TOP OF THE 2ND |
Southern Maryland Blue Crabs batting - Pitching for Niagara Falls Phantoms : LHP Gordon Jing
|
Batting: LHB Xue-liang Zhou
|
0-0: Ball 1-0: Ball 2-0: Ball 3-0: Base on Balls
|
Batting: RHB Tyler Cohen
|
0-0: Called Strike 0-1: Foul Ball, location: 2F 0-2: Strikes out swinging
|
Batting: LHB Robert Ortiz
|
0-0: Ball 1-0: Called Strike 1-1: Ball 2-1: Ball 3-1: Base on Balls Xue-liang Zhou to second
|
Batting: RHB Pedro Luera
|
0-0: Called Strike 0-1: Fielders Choice at 2nd, 6-4 (Groundball, 6, EV 91.2 MPH) Xue-liang Zhou to third
|
Batting: LHB Ivan Alvarez
|
0-0: Ball 1-0: Ball 2-0: Foul Ball, location: 2F 2-1: Swinging Strike 2-2: Ball 3-2: Strikes out swinging
|
Top of the 2nd over - 0 runs, 0 hits, 0 errors, 2 left on base; Southern Maryland 0 - Niagara Falls 0 |
BOTTOM OF THE 2ND |
Niagara Falls Phantoms batting - Pitching for Southern Maryland Blue Crabs : RHP Yuji Higashi
|
Batting: RHB Ken Stair
|
0-0: SINGLE (Groundball, 6MD, EV 102.5 MPH)
|
Batting: SHB Dylan Best
|
0-0: Ball 1-0: Called Strike 1-1: Called Strike 1-2: Strikes out swinging
|
Batting: LHB Chris Viehman
|
0-0: Fielders Choice at 2nd, 3-6 (Groundball, 3, EV 95.0 MPH)
|
Batting: LHB Dave Ortiz
|
0-0: Ball 1-0: Called Strike 1-1: Fly out, F7 (Line Drive, 7, EV 88.1 MPH)
|
Bottom of the 2nd over - 0 runs, 1 hit, 0 errors, 1 left on base; Southern Maryland 0 - Niagara Falls 0 |
TOP OF THE 3RD |
Southern Maryland Blue Crabs batting - Pitching for Niagara Falls Phantoms : LHP Gordon Jing
|
Batting: RHB Javier Brizuela
|
0-0: Ball 1-0: Ground out 5-3 (Groundball, 5S, EV 82.5 MPH)
|
Batting: RHB C.J. Wells
|
0-0: Foul Ball, location: 2F 0-1: Called Strike 0-2: Ground out 1-3 (Groundball, 34S, EV 75.0 MPH)
|
Batting: LHB Jeremy Nuzzo
|
0-0: Ball 1-0: Called Strike 1-1: Foul Ball, location: 2F 1-2: Strikes out swinging
|
Top of the 3rd over - 0 runs, 0 hits, 0 errors, 0 left on base; Southern Maryland 0 - Niagara Falls 0 |
BOTTOM OF THE 3RD |
Niagara Falls Phantoms batting - Pitching for Southern Maryland Blue Crabs : RHP Yuji Higashi
|
Batting: LHB Victor Reyna
|
0-0: Ball 1-0: Foul Ball, location: 2F 1-1: Ball 2-1: Foul Ball, location: 2F 2-2: Ball 3-2: Foul Ball, location: 2F 3-2: Base on Balls
|
Batting: SHB Hui Li
|
0-0: Swinging Strike 0-1: Foul Ball, location: 2F 0-2: Strikes out looking
|
Batting: LHB Luis Ponce
|
0-0: Ball 1-0: Ball 2-0: Grounds into double play, 4-6-3 (Groundball, 4, EV 103.1 MPH)
|
Bottom of the 3rd over - 0 runs, 0 hits, 0 errors, 0 left on base; Southern Maryland 0 - Niagara Falls 0 |
TOP OF THE 4TH |
Southern Maryland Blue Crabs batting - Pitching for Niagara Falls Phantoms : LHP Gordon Jing
|
Batting: SHB Eric Kelley
|
0-0: Foul Ball, location: 2F 0-1: Ball 1-1: Ball 2-1: Foul Ball, location: 2F 2-2: Fly out, F8 (Flyball, 8RD, EV 78.8 MPH)
|
Batting: LHB Xue-liang Zhou
|
0-0: Foul Ball, location: 2F 0-1: Ball 1-1: Ball 2-1: Called Strike 2-2: Fly out, F8 (Line Drive, 78M, EV 90.0 MPH)
|
Batting: RHB Tyler Cohen
|
0-0: Foul Ball, location: 2F 0-1: Swinging Strike 0-2: Fly out, F7 (Flyball, 78D, EV 88.8 MPH)
|
Top of the 4th over - 0 runs, 0 hits, 0 errors, 0 left on base; Southern Maryland 0 - Niagara Falls 0 |
BOTTOM OF THE 4TH |
Niagara Falls Phantoms batting - Pitching for Southern Maryland Blue Crabs : RHP Yuji Higashi
|
Batting: LHB Danny de Leon
|
0-0: Swinging Strike 0-1: Ground out 4-3 (Groundball, 4, EV 85.6 MPH)
|
Batting: RHB Paul Ngumi
|
0-0: Ball 1-0: Ball 2-0: Called Strike 2-1: Fly out, F8 (Flyball, 8LD, EV 101.2 MPH)
|
Batting: RHB Ken Stair
|
0-0: Ball 1-0: Foul Ball, location: 2F 1-1: Called Strike 1-2: Ground out 6-3 (Groundball, 56, EV 91.2 MPH)
|
Bottom of the 4th over - 0 runs, 0 hits, 0 errors, 0 left on base; Southern Maryland 0 - Niagara Falls 0 |
TOP OF THE 5TH |
Southern Maryland Blue Crabs batting - Pitching for Niagara Falls Phantoms : LHP Gordon Jing
|
Batting: LHB Robert Ortiz
|
0-0: Ball 1-0: Ground out 4-3 (Groundball, 4MD, EV 105.0 MPH)
|
Batting: RHB Pedro Luera
|
0-0: Foul Ball, location: 2F 0-1: Ball 1-1: Fly out, F8 (Flyball, 8RM, EV 91.2 MPH)
|
Batting: LHB Ivan Alvarez
|
0-0: Ball 1-0: Fly out, F8 (Line Drive, 8LD, EV 107.5 MPH)
|
Top of the 5th over - 0 runs, 0 hits, 0 errors, 0 left on base; Southern Maryland 0 - Niagara Falls 0 |
BOTTOM OF THE 5TH |
Niagara Falls Phantoms batting - Pitching for Southern Maryland Blue Crabs : RHP Yuji Higashi
|
Batting: SHB Dylan Best
|
0-0: SOLO HOME RUN (Flyball, 9LD, EV 94.4 MPH), Distance : 350 ft
|
Batting: LHB Chris Viehman
|
0-0: Fly out, F6 (Line Drive, 6, EV 65.6 MPH)
|
Batting: LHB Dave Ortiz
|
0-0: Ball 1-0: Ball 2-0: Ball 3-0: Base on Balls
|
Batting: LHB Victor Reyna
|
0-0: Ball 1-0: Ball 2-0: Ball 3-0: Called Strike 3-1: Fly out, F7 (Line Drive, 78M, EV 93.1 MPH)
|
Batting: SHB Hui Li
|
0-0: Ball 1-0: Ball 2-0: Called Strike 2-1: Called Strike 2-2: Foul Ball, location: 2F 2-2: Ground out 4-3 (Groundball, 4, EV 77.5 MPH)
|
Bottom of the 5th over - 1 run, 1 hit, 0 errors, 1 left on base; Southern Maryland 0 - Niagara Falls 1 |
TOP OF THE 6TH |
Southern Maryland Blue Crabs batting - Pitching for Niagara Falls Phantoms : LHP Gordon Jing
|
Batting: RHB Javier Brizuela
|
0-0: Ball 1-0: Ball 2-0: Ground out 4-3 (Groundball, 4M, EV 80.6 MPH)
|
Batting: RHB C.J. Wells
|
0-0: Ball 1-0: DOUBLE (Flyball, 89D, EV 98.8 MPH)
|
Batting: LHB Jeremy Nuzzo
|
0-0: Ball 1-0: Ground out 4-3 (Groundball, 4, EV 96.9 MPH) C.J. Wells to third
|
Batting: SHB Eric Kelley
|
0-0: Ball 1-0: 2-RUN HOME RUN (Flyball, 7D, EV 99.4 MPH), Distance : 376 ft
|
Batting: LHB Xue-liang Zhou
|
0-0: Ball 1-0: Called Strike 1-1: SOLO HOME RUN (Flyball, 9D, EV 99.4 MPH), Distance : 372 ft
|
Batting: RHB Tyler Cohen
|
0-0: Ball 1-0: Foul Ball, location: 2F 1-1: Foul Ball, location: 2F 1-2: Foul Ball, location: 2F 1-2: Strikes out swinging
|
Top of the 6th over - 3 runs, 3 hits, 0 errors, 0 left on base; Southern Maryland 3 - Niagara Falls 1 |
BOTTOM OF THE 6TH |
Niagara Falls Phantoms batting - Pitching for Southern Maryland Blue Crabs : RHP Yuji Higashi
|
Batting: LHB Luis Ponce
|
0-0: Foul Ball, location: 2F 0-1: Called Strike 0-2: Foul Ball, location: 2F 0-2: Foul Ball, location: 2F 0-2: Fly out, F7 (Flyball, 7D, EV 93.8 MPH)
|
Batting: LHB Danny de Leon
|
0-0: Called Strike 0-1: Ball 1-1: Foul Ball, location: 2F 1-2: Ball 2-2: SINGLE (Line Drive, 89S, EV 91.2 MPH)
|
Batting: RHB Paul Ngumi
|
0-0: Called Strike 0-1: Ball Wild Pitch! Danny de Leon to second 1-1: Ball 2-1: Ball 3-1: Called Strike 3-2: Base on Balls
|
Batting: RHB Ken Stair
|
0-0: Called Strike 0-1: Swinging Strike 0-2: Ball 1-2: Fly out, F5 (Popup, 5SF, EV 76.9 MPH)
|
Batting: SHB Dylan Best
|
0-0: Ball 1-0: Fly out, F9 (Flyball, 9D, EV 103.8 MPH)
|
Bottom of the 6th over - 0 runs, 1 hit, 0 errors, 2 left on base; Southern Maryland 3 - Niagara Falls 1 |
TOP OF THE 7TH |
Southern Maryland Blue Crabs batting - Pitching for Niagara Falls Phantoms : LHP Gordon Jing
|
Batting: LHB Robert Ortiz
|
0-0: Foul Ball, location: 2F 0-1: Foul Ball, location: 2F 0-2: Ball 1-2: Foul Ball, location: 2F 1-2: Ball 2-2: Ball 3-2: Foul Ball, location: 2F 3-2: Strikes out swinging
|
Batting: RHB Pedro Luera
|
0-0: Fly out, F7 (Line Drive, 7, EV 90.6 MPH)
|
Batting: LHB Ivan Alvarez
|
0-0: Foul Ball, location: 2F 0-1: Foul Ball, location: 2F 0-2: Strikes out swinging
|
Top of the 7th over - 0 runs, 0 hits, 0 errors, 0 left on base; Southern Maryland 3 - Niagara Falls 1 |
BOTTOM OF THE 7TH |
Niagara Falls Phantoms batting - Pitching for Southern Maryland Blue Crabs : RHP Yuji Higashi
|
Pitching: RHP Clifton Stannard
|
|
Batting: LHB Chris Viehman
|
0-0: SINGLE (Flyball, 9, EV 88.8 MPH) - OUT at second base trying to stretch hit.
|
Batting: LHB Dave Ortiz
|
0-0: Ball 1-0: Ball 2-0: Ball 3-0: Base on Balls
|
Batting: LHB Victor Reyna
|
0-0: Ball 1-0: Called Strike 1-1: Foul Ball, location: 2F 1-2: Foul Ball, location: 2F 1-2: Ball 2-2: Foul Ball, location: 2F 2-2: Foul Ball, location: 2F 2-2: Ball 3-2: Fly out, F9 (Flyball, 89M, EV 95.0 MPH)
|
Batting: SHB Hui Li
|
0-0: Ball 1-0: Called Strike 1-1: Ball 2-1: Ball 3-1: Base on Balls Dave Ortiz to second
|
Batting: LHB Luis Ponce
|
0-0: Ball 1-0: Called Strike 1-1: Foul Ball, location: 2F 1-2: Ground out 4-3 (Groundball, 4, EV 80.0 MPH)
|
Bottom of the 7th over - 0 runs, 1 hit, 0 errors, 2 left on base; Southern Maryland 3 - Niagara Falls 1 |
TOP OF THE 8TH |
Southern Maryland Blue Crabs batting - Pitching for Niagara Falls Phantoms : LHP Gordon Jing
|
Batting: RHB Javier Brizuela
|
0-0: Ground out U3 (Groundball, 34, EV 103.1 MPH)
|
Batting: RHB C.J. Wells
|
0-0: Ground out 5-3 (Groundball, 56, EV 98.1 MPH)
|
Batting: LHB Jeremy Nuzzo
|
0-0: Called Strike 0-1: Swinging Strike 0-2: Ball 1-2: Strikes out swinging
|
Top of the 8th over - 0 runs, 0 hits, 0 errors, 0 left on base; Southern Maryland 3 - Niagara Falls 1 |
BOTTOM OF THE 8TH |
Niagara Falls Phantoms batting - Pitching for Southern Maryland Blue Crabs : RHP Clifton Stannard
|
Batting: LHB Danny de Leon
|
0-0: Called Strike 0-1: Ball 1-1: Called Strike 1-2: Strikes out swinging
|
Batting: RHB Paul Ngumi
|
0-0: Ball 1-0: SOLO HOME RUN (Flyball, 89XD, EV 107.5 MPH), Distance : 408 ft
|
Batting: RHB Ken Stair
|
0-0: Ball 1-0: Ball 2-0: Ball 3-0: Base on Balls
|
Batting: SHB Dylan Best
|
0-0: Called Strike 0-1: Ball 1-1: Reached on error, E4 (Groundball, 4M, EV 106.2 MPH) Ken Stair to second
|
Batting: LHB Chris Viehman
|
0-0: Ball 1-0: Called Strike 1-1: Grounds out, U3 (Groundball, 3L, EV 108.8 MPH) Ken Stair to third
|
Batting: LHB Dave Ortiz
|
0-0: Ball 1-0: Ball 2-0: Called Strike 2-1: Ball 3-1: Swinging Strike 3-2: Base on Balls
|
Batting: LHB Victor Reyna
|
0-0: Called Strike 0-1: Swinging Strike 0-2: Foul Ball, location: 2F Balk! Ken Stair scores Dylan Best to third Dave Ortiz to second 0-2: Strikes out swinging
|
Bottom of the 8th over - 2 runs, 1 hit, 1 error, 2 left on base; Southern Maryland 3 - Niagara Falls 3 |
TOP OF THE 9TH |
Southern Maryland Blue Crabs batting - Pitching for Niagara Falls Phantoms : LHP Gordon Jing
|
Batting: SHB Eric Kelley
|
0-0: Ball 1-0: Ball 2-0: Foul Ball, location: 2F 2-1: Foul Ball, location: 2F 2-2: Foul Ball, location: 2F 2-2: Ball 3-2: Foul Ball, location: 2F 3-2: Base on Balls
|
Batting: LHB Xue-liang Zhou
|
0-0: Called Strike 0-1: Called Strike 0-2: Fielders Choice at 2nd, 5-4 (Groundball, 5L, EV 94.4 MPH)
|
Pinch Hitting: RHB Han Caspers
|
0-0: Ball 1-0: Called Strike 1-1: Called Strike 1-2: Foul Ball, location: 2F 1-2: Ball 2-2: Ball 3-2: Base on Balls Xue-liang Zhou to second
|
Batting: RHB Dou-wan Pan
|
0-0: Ball 1-0: Ball 2-0: Ball 3-0: Called Strike 3-1: Base on Balls Xue-liang Zhou to third Han Caspers to second
|
Pitching: LHP Daniel Fagan
|
|
Pinch Hitting: LHB Stu Proulx
|
0-0: Grounds into fielders choice 6-2 (Groundball, 4, EV 86.9 MPH) Han Caspers to third Dou-wan Pan to second
|
Pinch Hitting: RHB Eddie Morin
|
0-0: GRAND SLAM HOME RUN (Flyball, 7LD, EV 91.9 MPH), Distance : 342 ft
|
Batting: RHB Javier Brizuela
|
0-0: Ball 1-0: Called Strike 1-1: Foul Ball, location: 2F 1-2: Fly out, F9 (Flyball, 89M, EV 92.5 MPH)
|
Top of the 9th over - 4 runs, 1 hit, 0 errors, 0 left on base; Southern Maryland 7 - Niagara Falls 3 |
BOTTOM OF THE 9TH |
Niagara Falls Phantoms batting - Pitching for Southern Maryland Blue Crabs : RHP Clifton Stannard
|
Pitching: RHP Safe-eldin Enobakhare
|
|
Now at C: Imbart van Rens
|
|
Now at 3B: Willie Carmona
|
|
Now at SS: Eddie Morin
|
|
Pinch Hitting: RHB Jose Villanueva
|
0-0: Ground out 6-3 (Groundball, 6, EV 83.8 MPH)
|
Batting: LHB Luis Ponce
|
0-0: Ball 1-0: Ball 2-0: Called Strike 2-1: Swinging Strike 2-2: Strikes out looking
|
Batting: LHB Danny de Leon
|
0-0: Called Strike 0-1: Ball 1-1: Foul Ball, location: 2F 1-2: Ball 2-2: Ball 3-2: Base on Balls
|
Batting: RHB Paul Ngumi
|
0-0: Reached on error, E5 (Flyball, 5D, EV 93.8 MPH) Danny de Leon to second
|
Pitching: RHP Harold Price
|
|
Batting: RHB Ken Stair
|
0-0: Called Strike 0-1: DOUBLE (Line Drive, 89D, EV 101.2 MPH) Danny de Leon scores Paul Ngumi to third
|
Batting: SHB Dylan Best
|
0-0: Called Strike 0-1: Ball 1-1: Called Strike 1-2: SINGLE (Groundball, 25, EV 65.0 MPH) (infield hit) Paul Ngumi scores Ken Stair to third
|
Batting: LHB Chris Viehman
|
0-0: Ball 1-0: Ground out 4-3 (Groundball, 34D, EV 101.9 MPH)
|
Bottom of the 9th over - 2 runs, 2 hits, 1 error, 2 left on base; Southern Maryland 7 - Niagara Falls 5 |
|